 Dungeon Crawl Stone Soup version 0.29.0-15-g675c0067aa (webtiles) character file.

Game seed: 12425399482620800063

364 qw the Chopper (level 6, -2/38 HPs)
             Began as a Gargoyle Fighter on Sept 11, 2022.
             Slain by Duvessa
             ... wielding a +0 short sword
              (3 damage)
             ... on level 4 of the Dungeon.
             The game lasted 00:01:30 (3771 turns).

qw the Chopper (Gargoyle Fighter)                   Turns: 3771, Time: 00:01:31

Health: -2/38      AC: 17    Str: 20 (21) XL:     6   Next: 67%
Magic:  6/6        EV:  5    Int:  7 (9)  God:
Gold:   174        SH:  4    Dex: 13 (15) Spells: 5/5 levels left

rFire   . . .      SeeInvis .   Y - +0 war axe
rCold   . . .      Faith    .   c - +0 buckler
rNeg    + . .      Spirit   .   p - +0 plate armour
rPois   inf        Reflect  .   l - +0 helmet
rElec   +          Harm     .   (no cloak)
rCorr   +          Rampage  .   (no gloves)
Will    .....                   (no boots)
Stlth   ..........              (no amulet)
HPRegen 0.12/turn               f - ring of resist corrosion
MPRegen 0.10/turn               s - +6 ring of dexterity

@: about to teleport
A: sickness immunity, AC +4, negative energy resistance 1, electricity
resistance, torment resistance 1, petrification resistance
a: no special abilities


You were on level 4 of the Dungeon.
You visited 1 branch of the dungeon, and saw 4 of its levels.

You collected 174 gold pieces.


Innate Abilities, Weirdness & Mutations

You are immune to sickness and miasma.
Your stone body is resilient. (AC +4)
You are immune to poison.
You resist negative energy. (rN+)
You are resistant to electric shocks. (rElec)
You are resistant to unholy torment.
You are immune to petrification.


   Skills:
 + Level 3.9 Fighting
 - Level 5.8 Axes
 - Level 3.2 Armour
 - Level 1.0 Dodging
 - Level 3.2 Shields


You had 5 spell levels left.
You didn't know any spells.
Your spell library was empty.

Inventory:

Hand Weapons
 h - a +0 whip
 Y - a +0 war axe (weapon)
Armour
 c - a +0 buckler (worn)
 l - a +0 helmet (worn)
 p - a +0 plate armour (worn)
Jewellery
 f - a ring of resist corrosion (left hand)
 s - a +6 ring of dexterity (right hand)
Scrolls
 a - a scroll of identify
Potions
 b - 2 potions of haste
 d - 3 potions of might
 e - a potion of attraction
 j - a potion of mutation

Dungeon Overview and Level Annotations

Branches:
Dungeon (4/15)
 Temple: D:4-7

Altars:
Kikubaaqudgha
Vehumet

Annotations:
D:3 1 runed translucent door, Crazy Yiuf
D:4 Dowan, Duvessa


Message History

Dowan, Brother of Duvessa comes into view.
He is wielding a +0 dagger.
You block the giant cockroach's attack. Duvessa hits you with a +0 short sword!
You closely miss the giant cockroach.
The giant cockroach is moderately wounded.
You closely miss Duvessa. You block the giant cockroach's attack.
The giant cockroach bites you but does no damage.
Duvessa hits you but does no damage.
You completely miss the giant cockroach.
The giant cockroach is moderately wounded.
You hit Duvessa but do no damage.
The giant cockroach bites you but does no damage.
Duvessa hits you with a +0 short sword.
Dowan gestures wildly while chanting.
Dowan blinks!
You block the giant cockroach's attack.
You hit the giant cockroach.
The giant cockroach is almost dead.
You closely miss Duvessa. Duvessa closely misses you.
The giant cockroach bites you.
You slash the giant cockroach!
You kill the giant cockroach!
You hit Duvessa but do no damage. Duvessa hits you with a +0 short sword!
Duvessa hits you but does no damage.
You barely miss Duvessa.
Duvessa is lightly wounded.
Duvessa barely misses you.
You slash Duvessa!
Duvessa is heavily wounded.
Duvessa hits you but does no damage.
You hit Duvessa.
Duvessa is heavily wounded.
Duvessa hits you with a +0 short sword.
You hit Duvessa.
Duvessa is heavily wounded.
Duvessa hits you but does no damage. Duvessa hits you with a +0 short sword!
3771 ||| READING scroll of teleportation.
As you read the scroll of teleportation, it crumbles to dust.
You feel strangely unstable. Duvessa hits you with a +0 short sword.
You die...

############ ........
.........>.# .......#
......|....# .......#
...........# #......#
...........# #......#
......e....## #......#
.......@....# #%.....#
....e..)....#####......#
....####....+..<.......#
... #....#####......# .
#................
######'#.#####..####
+...............#...
######.#.####...#.##
#.#.####...#.##


You could see Duvessa (strong) and Dowan.

Vanquished Creatures
  Sigmund (D:3)
  A hound (D:4)
  Jessica (D:2)
  Robin (D:3)
  4 adders
  2 worms (D:2)
  3 dart slugs (D:1)
  11 endoplasms
  6 giant cockroaches
  11 goblins
  12 hobgoblins
  3 jackals (D:2)
  4 quokkas
  6 ball pythons
  8 bats
  4 frilled lizards
  6 kobolds
  6 rats
90 creatures vanquished.

Notes
Turn   | Place    | Note
-------+----------+-------------------------------------------
     0 | D:1      | qw the Gargoyle Fighter began the quest for the Orb.
     0 | D:1      | Reached XP level 1. HP: 14/14 MP: 1/1
     0 | D:1      | 0 ||| qw: Version: 0.1-a-119-g272c26d
     0 | D:1      | 0 ||| qw: Game counter: 10722
     0 | D:1      | 0 ||| qw: Always use a shield: true
     0 | D:1      | 0 ||| qw: God list: Okawaru
     0 | D:1      | 0 ||| qw: Allow faded altars: false
     0 | D:1      | 0 ||| qw: Do Orc after D:15 true
     0 | D:1      | 0 ||| qw: Do second Lair branch before Depths: true
     0 | D:1      | 0 ||| qw: Lair rune preference: random
     0 | D:1      | 0 ||| qw: Plans: Normal, Zot, God:TSO, Crypt, Tomb, Pan,
                  | Slime, Hells, Zig, Abyss, Orb
     0 | D:1      | 0 ||| PLANNING D:1-11
    29 | D:1      | 29 ||| Stepping ~*~*~tactically~*~*~ (hiding).
    37 | D:1      | Reached skill level 2 in Axes
   136 | D:1      | 136 ||| Stepping ~*~*~tactically~*~*~ (stealth).
   144 | D:1      | 144 ||| Stepping ~*~*~tactically~*~*~ (stealth).
   160 | D:1      | Reached XP level 2. HP: 18/19 MP: 2/2
   163 | D:1      | 163 ||| Stepping ~*~*~tactically~*~*~ (stealth).
   179 | D:1      | 179 ||| Stepping ~*~*~tactically~*~*~ (stealth).
   441 | D:1      | Reached skill level 3 in Axes
   464 | D:1      | Reached XP level 3. HP: 23/23 MP: 3/3
   491 | D:1      | You fall into a shaft and drop 1 floor!
   492 | D:2      | 492 ||| UPGRADING to ring of resist corrosion.
   493 | D:2      | 493 ||| DRINKING 2 fizzy clear potions.
   494 | D:2      | 494 ||| DROPPING potion of magic.
   502 | D:1      | Found a faded altar of an unknown god.
   880 | D:1      | 880 ||| Stepping ~*~*~tactically~*~*~ (hiding).
  1306 | D:2      | Noticed Jessica
  1307 | D:2      | 1307 ||| Stepping ~*~*~tactically~*~*~ (hiding).
  1312 | D:2      | 1312 ||| Stepping ~*~*~tactically~*~*~ (hiding).
  1318 | D:2      | 1318 ||| Stepping ~*~*~tactically~*~*~ (hiding).
  1325 | D:2      | Killed Jessica
  1326 | D:2      | Reached skill level 4 in Axes
  1326 | D:2      | Reached XP level 4. HP: 28/28 MP: 4/4
  1439 | D:2      | Found a radiant altar of Vehumet.
  1443 | D:2      | 1443 ||| Stepping ~*~*~tactically~*~*~ (stealth).
  1872 | D:2      | Reached XP level 5. HP: 31/32 MP: 5/5
  2266 | D:2      | 2266 ||| UPGRADING to +0 plate armour.
  2276 | D:2      | 2276 ||| DROPPING +0 scale mail.
  2277 | D:2      | 2277 ||| DROPPING ring of magical power.
  2278 | D:2      | 2278 ||| UPGRADING to +6 ring of dexterity.
  2279 | D:2      | 2279 ||| READING scroll labelled ZATWOAB VELU.
  2280 | D:2      | 2280 ||| READING scroll labelled QYNWEN MAOMOKH.
  2381 | D:2      | 2381 ||| READING 2 scrolls labelled QUUMAR ADEAN.
  2384 | D:2      | 2384 ||| READING scroll labelled SESOGI PUEHAYSTAO.
  2385 | D:2      | 2385 ||| READING scroll labelled MAKO SEBUMUD.
  2386 | D:2      | 2386 ||| DRINKING 2 yellow potions.
  2387 | D:2      | 2387 ||| DRINKING 2 bubbling pink potions.
  2491 | D:2      | 2491 ||| DROPPING potion of berserk rage.
  2532 | D:3      | Noticed Sigmund
  2540 | D:3      | 2540 ||| DRINKING potion of curing.
  2540 | D:3      | 2540 ||| (to cure confusion)
  2542 | D:3      | Killed Sigmund
  2543 | D:3      | Reached skill level 5 in Axes
  2543 | D:3      | Reached XP level 6. HP: 35/37 MP: 6/6
  2903 | D:3      | Found a runed translucent door.
  2904 | D:3      | Noticed Crazy Yiuf
  3027 | D:3      | Found an ancient bone altar of Kikubaaqudgha.
  3029 | D:3      | 3029 ||| Stepping ~*~*~tactically~*~*~ (stealth).
  3307 | D:3      | Noticed Robin
  3308 | D:3      | 3308 ||| Stepping ~*~*~tactically~*~*~ (hiding).
  3316 | D:3      | Reached skill level 1 in Dodging
  3324 | D:3      | Killed Robin
  3607 | D:3      | 3607 ||| UPGRADING to +0 helmet.
  3612 | D:3      | 3612 ||| READING 2 scrolls labelled HOIVAUSIMM.
  3613 | D:3      | 3613 ||| READING scroll labelled BEASOU ZIYMMUSUI.
  3614 | D:3      | 3614 ||| DRINKING 3 fizzy purple potions.
  3615 | D:3      | 3615 ||| DRINKING 2 golden potions.
  3616 | D:3      | 3616 ||| READING 3 scrolls of identify.
  3616 | D:3      | 3616 ||| IDENTIFYING fuming ruby potion
  3617 | D:3      | 3617 ||| READING 2 scrolls of identify.
  3617 | D:3      | 3617 ||| IDENTIFYING bubbling silvery potion
  3618 | D:3      | 3618 ||| DROPPING scroll of vulnerability.
  3619 | D:3      | 3619 ||| DROPPING potion of degeneration.
  3756 | D:4      | Noticed Duvessa
  3762 | D:4      | Noticed Dowan
  3770 | D:4      | HP: 1/38 [Duvessa/+0 short sword (17)]
  3771 | D:4      | 3771 ||| READING scroll of teleportation.
  3771 | D:4      | Slain by Duvessa

Levels and vault maps discovered:
D:1:      dpeg_arrival_rooms_b, layout_basic, basic_ecumenical_altar
D:2:      layout_basic, basic_altar, uniq_jessica
D:3:      layout_loops_corners, mainiacjoe_overflow_alcove_1,
          uniq_crazy_yiuf_cottage, uniq_sigmund, uniq_robin
D:4:      layout_basic, uniq_duvessa

Skill      XL: |  1  2  3  4  5  6 |
---------------+-------------------+-----
Axes           | 2 3 4 5 |  5.8
Dodging        | 1 |  1.0
Fighting       | |  3.9
Armour         | |  3.2
Shields        | |  3.2

Action                   |  1- 3 |  4- 6 || total
-------------------------+-------+-------++-------
Melee: War axe           |   113 |   142 ||   255
  Use: Potion            |     1 |     5 ||     6
       Scroll            |       |    10 ||    10
Armor: Scale mail        |    63 |    33 ||    96
       Plate armour      |       |    54 ||    54
Dodge: Dodged            |    63 |    36 ||    99
Block: Buckler           |    22 |    26 ||    48

Table legend:
 A = Non-vault XP
 B = Vault XP
 C = Vault XP percentage of total XP
 D = Non-vault monster count
 E = Vault monster count
 F = Vault count percentage of total count
                 A         B        C        D         E       F
            +---------+---------+-------+---------+---------+-------
      Total |     234 |     286 |  55.0 |      77 |      13 |  14.4
            +---------+---------+-------+---------+---------+-------
        D:1 |      62 |       0 |   0.0 |      34 |       0 |   0.0
        D:2 |      84 |      37 |  30.6 |      24 |       1 |   4.0
        D:3 |      38 |     249 |  86.8 |      15 |      12 |  44.4
        D:4 |      50 |       0 |   0.0 |       4 |       0 |   0.0
            +---------+---------+-------+---------+---------+-------
